 Dungeon Crawl Stone Soup version 0.25.0-33-gff14898491 (webtiles) character file.

Game seed: 5953868385757602101

20708 RaHiT the Frost Mage (level 12, -22/106 HPs)
             Began as a Purple Draconian Ice Elementalist on July 5, 2020.
             Was an Elder of Sif Muna.
             Killed from afar by a frost giant (46 damage)
             ... with a bolt of cold
             ... on level 12 of the Dungeon on July 6, 2020.
             The game lasted 01:42:00 (14275 turns).

RaHiT the Frost Mage (DrIE)                        Turns: 14275, Time: 01:42:00

Health: -22/106    AC:  9    Str: 17    XL:     12   Next: 47%
Magic:  26/26      EV: 18    Int: 21    God:    Sif Muna [****..]
Gold:   861        SH:  5    Dex: 13    Spells: 15/31 levels left

rFire    . . .     SeeInvis +   u - +7 hand axe (drain)
rCold    . . .     Gourm    .   I - +0 buckler
rNeg     . . .     Faith    .   (armour unavailable)
rPois    .         Spirit   .   (helmet restricted)
rElec    .         Reflect  .   T - scarf {+Inv}
rCorr    .         Harm     .   P - +0 pair of gloves
MR       ++...                  (no boots)
Stlth    ++........             n - amulet of magic regeneration
HPRegen  0.27/turn              F - ring of see invisible
MPRegen  0.45/turn              d - ring of Xuriy {MR+ Str+6 Dex+2}

@: no status effects
A: breathe power, unfitting armour, cold-blooded, AC +8
a: Breathe Dispelling Energy, Channel Magic, Forget Spell, Divine Exegesis,
Renounce Religion, Evoke Invisibility


You were on level 12 of the Dungeon.
You worshipped Sif Muna.
Sif Muna was greatly pleased with you.
You were not hungry.

You visited 2 branches of the dungeon, and saw 13 of its levels.
You also visited: Gauntlet.

You collected 861 gold pieces.

Inventory:

Hand Weapons
 r - the +10 broad axe of Daluag {freeze, *Slow rPois Int+4 Dex+2, unknown}
   (You found it on level 11 of the Dungeon)

   It has been specially enchanted to freeze those struck by it, causing extra
   injury to most foes and up to half again as much damage against particularly
   susceptible opponents.
   It can also slow down cold-blooded creatures.
   It affects your intelligence (+4).
   It affects your dexterity (+2).
   It protects you from poison.
   It may slow you when you take damage.
 u - a +7 hand axe of draining (weapon)
Missiles
 h - 39 poisoned darts (quivered)
 q - 17 boomerangs
 y - 17 javelins
 D - 6 boomerangs of dispersal
 H - 2 throwing nets
 K - 103 bolts
Armour
 I - a +0 buckler (worn)
 P - a +0 pair of gloves (worn)
 T - a scarf of invisibility (worn)
Jewellery
 d - the ring of Xuriy (right hand) {MR+ Str+6 Dex+2}
   (You took it off a minotaur in a Gauntlet)

   [ring of strength]

   It affects your strength (+6).
   It affects your dexterity (+2).
   It affects your resistance to hostile enchantments.
 k - an uncursed ring of wizardry
 l - an uncursed ring of flight {unknown}
 n - an amulet of magic regeneration (around neck)
 v - a +4 ring of evasion
 F - a ring of see invisible (left hand)
Wands
 o - a wand of flame (47)
 s - a wand of iceblast (26)
 t - a wand of random effects (34)
 z - a wand of clouds (6)
 A - a wand of digging (4)
 M - a wand of acid (9)
Scrolls
 c - a scroll of noise {unknown}
 g - 9 scrolls of teleportation
 m - 6 scrolls of fog
 x - 2 scrolls of magic mapping
 B - a scroll of amnesia
 E - 2 scrolls of enchant armour
 Q - a scroll of torment
 U - 2 scrolls of enchant weapon
 Y - a scroll of blinking {unknown}
Potions
 a - a potion of flight
 e - a potion of cancellation
 f - 11 potions of curing
 i - a potion of brilliance {unknown}
 j - 3 potions of mutation
 p - a potion of might
 w - 2 potions of resistance
 L - 2 potions of heal wounds
 O - a potion of magic
 V - a potion of lignification {unknown}
Miscellaneous
 G - a lightning rod (2/4)
Comestibles
 b - 18 rations


   Skills:
 - Level 10.0 Fighting
 + Level 9.9 Dodging
 - Level 2.0 Stealth
 - Level 6.0 Shields
 - Level 10.0 Spellcasting
 - Level 10.0 Ice Magic
 - Level 8.0 Evocations


You had 15 spell levels left.
You knew the following spells:

 Your Spells              Type           Power        Failure   Level  Hunger
a - Freeze                Ice            ####         1%          1    None
b - Frozen Ramparts       Ice            ######       1%          3    None
c - Ozocubu's Armour      Chrm/Ice       ####....     2%          3    None
d - Summon Ice Beast      Ice/Summ       ####....     9%          4    ##.....
e - Hailstorm             Conj/Ice       ####....     9%          4    ##.....
f - Animate Skeleton      Necr           N/A          6%          1    None

Your spell library contained the following spells:

 Spells                   Type           Power        Failure   Level  Hunger
 Pain                     Necr           ##..         6%          1    None
 Summon Butterflies       Summ           ##......     6%          1    None
 Sublimation of Blood     Necr           ##........   10%         2    None
 Call Canine Familiar     Summ           ##......     19%         3    None
 Ignite Poison            Fire/Tmut/Pois ##......     19%         3    None
 Vampiric Draining        Necr           ##........   19%         3    None
 Animate Dead             Necr           N/A          54%         4    ##.....
 Petrify                  Tmut/Erth      ##......     54%         4    ##.....
 Agony                    Necr           ##......     87%         5    ####...
 Alistair's Intoxication  Tmut/Pois      ##......     87%         5    ####...
 Irradiate                Conj/Tmut      ##........   87%         5    ####...
 Summon Mana Viper        Hex/Summ       ##......     87%         5    ####...
 Eringya's Noxious Bog    Tmut/Pois      ##........   100%        6    ######.
 Summon Hydra             Summ           ##........   100%        7    #######


Dungeon Overview and Level Annotations

Branches:
Dungeon (12/15)            Temple (1/1) D:4            Lair (0/6) D:9
    Orc (0/2) D:9         Gauntlet (visited)

Altars:
Ashenzari
Cheibriados
Dithmenos
Elyvilon
Fedhas
Gozag
Hepliaklqana
Kikubaaqudgha
Makhleb
Nemelex Xobeh
Okawaru
Qazlal
Ru
Sif Muna
Trog
Uskayaw
Vehumet
Wu Jian
Xom
Yredelemnul
Zin
The Shining One
Lugonu

Shops:
D:5 :[(   D:9 ([

Annotations:
D:7 2 transporters
D:12 3 runed translucent doors, Odaro's ghost, journeyman FoFi


Innate Abilities, Weirdness & Mutations

You can breathe bolts of dispelling energy.
Your rich purple scales are hard. (AC +8)
You cannot fit into any form of body armour.
You are cold-blooded and may be slowed by cold attacks.


Message History

The puff of flame hits the frost giant.
The frost giant is lightly wounded.
Evoke which item? (* to show all) (? for menu, Esc to quit)
Aiming: Random Effects
Press: ? - help, Shift-Dir - straight line, f/p - frost giant
Aim: a frost giant, wielding a +2 battleaxe of freezing (lightly wounded)
The mass of ice explodes!
The iceblast engulfs the frost giant.
The frost giant partially resists.
The frost giant is lightly wounded.
Evoke which item? (* to show all) (? for menu, Esc to quit)
Aiming: Random Effects
Press: ? - help, Shift-Dir - straight line, f/p - frost giant
Aim: a frost giant, wielding a +2 battleaxe of freezing (lightly wounded)
The frost giant resists with almost no effort.
The frost giant casts a spell at you. The bolt of cold hits you!!!
* * * LOW HITPOINT WARNING * * *
The frost giant gestures at you while chanting.
The bolt of cold hits you!!!
You die...

.##.##....##...##..†.#.#
.##.##....##.Z.##..###.#
..........##...##..# #.#
###.#......###.##..# #.#
...........##.###..# #.#
..........###)###..# #.#
..........##.###...# #.#
...................# #.#
...........C....@#####.#
.....................#.#
###'#'#.###.#.#.####.#.#
#.#.#.# #.#.#....# #.#
#.#.#.# #.#.#..#.# #.#
#.#.# #.#.#..#.# #.#
....# #.. #.#.#..#.# #.#
##..# ## #.#.#..#.# #.#
# # #.#.#....# #.#


You could see a frost giant.

Vanquished Creatures
  An entropy weaver (shapeshifter) (D:10)
  A death ooze (Gauntlet)
  Harold (D:9)
  4 hydras
  A centaur warrior (D:10)
  3 two-headed ogres
  A deep elf archer (D:12)
  2 ugly things (D:11)
  A manticore (D:10)
  Maurice (D:11)
  Psyche (D:12)
  3 trolls
  3 hippogriffs
  Sigmund (D:2)
  A vampire (D:12)
  5 yaks (D:10)
  A wraith (D:12)
  3 hungry ghosts
  Eustachio (D:4)
  Menkaure (D:4)
  2 wargs (D:9)
  A soldier ant (D:12)
  A water moccasin (D:7)
  Duvessa (D:4)
  6 sky beasts
  4 orc warriors
  4 ice beasts
  A phantom (D:11)
  An eye of draining (D:11)
  8 ogres
  A necrophage (D:11)
  3 centaurs
  A big kobold (D:7)
  7 bullfrogs
  2 gnoll sergeants
  Dowan (D:4)
  A wyvern zombie (D:6)
  4 scorpions
  9 killer bees
  A howler monkey (D:4)
  2 crimson imps
  A centaur zombie (D:12)
  A bullfrog zombie (D:11)
  4 hounds
  6 orc priests
  2 jellies
  A centaur skeleton (D:11)
  A bullfrog skeleton (D:10)
  4 iguanas
  Terence (D:2)
  9 worker ants
  Natasha (twice) (D:2)
  8 orc wizards
  A hound zombie (D:10)
  A hound skeleton (D:10)
  A worker ant zombie (D:8)
  11 gnolls
  5 adders
  4 shadow imps
  4 dart slugs
  2 leopard geckos
  34 orcs
  4 giant cockroaches
  10 goblins
  7 hobgoblins
  16 jackals
  3 quokkas
  2 ball pythons
  13 bats
  4 frilled lizards
  2 kobolds (D:7)
  A quokka skeleton (D:7)
  9 rats
271 creatures vanquished.

Vanquished Creatures (collateral kills)
  A minotaur (Gauntlet)
  A two-headed ogre (D:9)
  The ghost of harlaan the Thaumaturge, a journeyman DESu of Sif Muna (D:11)
  A gargoyle (D:11)
  A minotaur zombie (Gauntlet)
  An acid dragon (D:12)
  3 orc warriors
  A black bear (D:9)
  A bullfrog skeleton (D:9)
  A centaur skeleton (D:11)
  A gnoll (D:8)
  6 orcs
  A jackal (D:7)
  A leopard gecko zombie (D:6)
21 creatures vanquished.

Vanquished Creatures (others)
  9 plants
9 creatures vanquished.

Grand Total: 301 creatures vanquished

Notes
Turn   | Place    | Note
-------+----------+-------------------------------------------
     0 | D:1      | RaHiT the Draconian Ice Elementalist began the quest for
                  | the Orb.
     0 | D:1      | Reached XP level 1. HP: 14/14 MP: 3/3
   305 | D:1      | Reached XP level 2. HP: 20/20 MP: 0/5
  1049 | D:2      | Noticed Sigmund
  1085 | D:2      | Reached XP level 3. HP: 26/26 MP: 4/7
  1090 | D:2      | Learned a level 3 spell: Frozen Ramparts
  1144 | D:2      | Noticed Natasha
  1779 | D:3      | Reached XP level 4. HP: 32/33 MP: 7/9
  1893 | D:3      | Found a blossoming altar of Fedhas.
  2009 | D:3      | Found a hide-covered altar of Uskayaw.
  2070 | D:3      | Learned a level 3 spell: Ozocubu's Armour
  2075 | D:3      | Learned a level 4 spell: Summon Ice Beast
  2090 | D:4      | Noticed Duvessa
  2104 | D:4      | Killed Duvessa
  2104 | D:4      | Reached skill level 5 in Ice Magic
  2104 | D:4      | Reached XP level 5. HP: 9/38 MP: 4/11
  2348 | D:4      | Noticed Dowan
  2529 | D:4      | Killed Dowan
  2529 | D:4      | Reached XP level 6. HP: 39/46 MP: 10/12
  2730 | D:4      | Noticed Menkaure
  2738 | D:4      | Killed Menkaure
  2923 | D:4      | Noticed Eustachio
  2938 | D:4      | Killed Eustachio
  2938 | D:4      | Your scales start taking on a rich purple colour.
  2938 | D:4      | Reached XP level 7. HP: 33/59 MP: 9/14
  3246 | D:4      | Found a staircase to the Ecumenical Temple.
  3261 | Temple   | Entered the Ecumenical Temple
  3351 | Temple   | Became a worshipper of Sif Muna the Loreminder
  3430 | D:5      | Entered Level 5 of the Dungeon
  3440 | D:5      | Found Lompas's Armour Boutique.
  3441 | D:5      | Found Otef's Antique Weapon Shoppe.
  3549 | D:5      | Found a basalt altar of Yredelemnul.
  3714 | D:5      | Reached skill level 5 in Spellcasting
  3880 | D:5      | Found an iron altar of Okawaru.
  3983 | D:5      | Found Idudut's Book Shop.
  4061 | D:2      | Noticed Terence
  4070 | D:2      | Killed Terence
  4167 | D:2      | Killed Sigmund
  4167 | D:2      | Reached XP level 8. HP: 52/66 MP: 9/17
  4469 | D:2      | Killed Natasha
  4561 | D:2      | Noticed Natasha
  4567 | D:2      | Killed Natasha
  4746 | D:4      | Learned a level 4 spell: Hailstorm
  4785 | D:5      | Reached skill level 5 in Fighting
  5141 | D:6      | Reached skill level 5 in Dodging
  5157 | D:6      | Found a snail-covered altar of Cheibriados.
  6148 | D:7      | Reached skill level 5 in Evocations
  6169 | D:7      | Reached * piety under Sif Muna
  6359 | D:7      | Reached XP level 9. HP: 67/75 MP: 16/18
  6362 | D:7      | Learned a level 1 spell: Animate Skeleton
  6386 | D:7      | Found a corrupted altar of Lugonu.
  6387 | D:7      | Noticed a cyan ugly thing
  6387 | D:7      | Noticed a brown ugly thing
  6388 | D:7      | Noticed a cyan ugly thing
  6388 | D:7      | Noticed a white ugly thing
  6429 | D:7      | Found a transporter.
  6430 | D:7      | Found a transporter.
  6853 | D:8      | Noticed an eight-headed hydra
  6871 | D:8      | Killed an eight-headed hydra
  6871 | D:8      | Reached ** piety under Sif Muna
  7406 | D:8      | Reached skill level 1 in Shields
  7457 | D:8      | Noticed a two-headed ogre
  7476 | D:8      | Killed a two-headed ogre
  7476 | D:8      | Reached XP level 10. HP: 71/83 MP: 10/22
  7740 | D:9      | Found a bloodstained altar of Trog.
  7741 | D:9      | Found a white marble altar of Elyvilon.
  7741 | D:9      | Found an ancient bone altar of Kikubaaqudgha.
  7741 | D:9      | Found a hazy altar of Hepliaklqana.
  7742 | D:9      | Found a shimmering altar of Xom.
  7747 | D:9      | Found a glowing silver altar of Zin.
  7807 | D:9      | Noticed Harold
  7817 | D:9      | Noticed a two-headed ogre
  7995 | D:9      | Killed Harold
  7995 | D:9      | Reached skill level 5 in Shields
  8007 | D:9      | Killed a two-headed ogre
  8507 | D:9      | Found a sparkling altar of Nemelex Xobeh.
  8507 | D:9      | Found an opulent altar of Gozag.
  8649 | D:9      | Found Xoodi's Armour Shop.
  8649 | D:9      | Found a staircase to the Orcish Mines.
  8649 | D:9      | Found Ynuhap's Weapon Shop.
  8700 | D:9      | Found a shattered altar of Ashenzari.
  8952 | D:9      | Found a staircase to the Lair.
  9485 | D:9      | Upgraded the game from 0.25.0-26-g0c896c7088 to
                  | 0.25.0-33-gff14898491
  9529 | D:10     | Entered Level 10 of the Dungeon
  9582 | D:10     | Reached *** piety under Sif Muna
  9603 | D:10     | Noticed a centaur warrior
  9604 | D:10     | Noticed an eye of devastation
  9662 | D:10     | Noticed an anaconda
  9960 | D:10     | Noticed a wolf spider
  9965 | D:10     | Noticed an ettin
  9965 | D:10     | a wolf spider changed into an ettin
  9968 | D:10     | Noticed a great orb of eyes
  9968 | D:10     | an ettin changed into a great orb of eyes
  9975 | D:10     | Noticed an entropy weaver
  9990 | D:10     | Killed an entropy weaver
  9990 | D:10     | Reached skill level 10 in Ice Magic
  9990 | D:10     | Reached XP level 11. HP: 11/89 MP: 17/23
 10559 | D:10     | Killed a centaur warrior
 10890 | D:10     | Reached skill level 10 in Spellcasting
 11190 | D:11     | Found a gate leading to a gauntlet.
 11250 | Gauntlet | Entered a Gauntlet
 11250 | Gauntlet | Found a transporter.
 11257 | Gauntlet | Found a transporter.
 11260 | Gauntlet | Found a transporter.
 11261 | Gauntlet | Found a transporter.
 11268 | Gauntlet | Found a runed translucent door.
 11272 | Gauntlet | Found a transporter.
 11273 | Gauntlet | Found a transporter.
 11274 | Gauntlet | Found a transporter.
 11285 | Gauntlet | Found a transporter.
 11286 | Gauntlet | Found a transporter.
 11290 | Gauntlet | Found a transporter.
 11290 | Gauntlet | Noticed an entropy weaver
 11291 | Gauntlet | Noticed a wolf spider
 11292 | Gauntlet | Found a runed translucent gate.
 11292 | Gauntlet | Found a runed translucent gate.
 11292 | Gauntlet | Found a runed translucent gate.
 11294 | Gauntlet | Found a transporter.
 11297 | Gauntlet | Found a transporter.
 11298 | Gauntlet | Found a transporter.
 11301 | Gauntlet | Noticed an eight-headed hydra
 11306 | Gauntlet | Found a transporter.
 11351 | Gauntlet | Noticed a sixfirhy
 11366 | Gauntlet | Noticed a death ooze
 11406 | Gauntlet | Killed a death ooze
 11565 | Gauntlet | Identified the ring of Xuriy {MR+ Str+6 Dex+2}
 11565 | Gauntlet | Noticed a minotaur
 11588 | Gauntlet | Killed a minotaur
 11907 | D:11     | Noticed a green ugly thing
 11913 | D:11     | Killed a green ugly thing
 12011 | D:11     | Reached **** piety under Sif Muna
 12071 | D:11     | Noticed an eight-headed hydra
 12078 | D:11     | Killed an eight-headed hydra
 12078 | D:11     | Reached skill level 10 in Fighting
 12149 | D:11     | Noticed a nine-headed hydra
 12150 | D:11     | Noticed harlaan's ghost (journeyman DESu)
 12151 | D:11     | Found a runed translucent gate.
 12151 | D:11     | Found a runed translucent gate.
 12151 | D:11     | Found a runed translucent gate.
 12151 | D:11     | Noticed a nine-headed hydra
 12473 | D:11     | Noticed a cyan ugly thing
 12480 | D:11     | Killed a cyan ugly thing
 12481 | D:11     | Reached XP level 12. HP: 71/106 MP: 22/26
 12758 | D:11     | Noticed a two-headed ogre
 12765 | D:11     | Killed a two-headed ogre
 12812 | D:11     | Noticed Maurice
 12818 | D:11     | Killed Maurice
 13047 | D:11     | Killed harlaan's ghost
 13118 | D:11     | Killed a nine-headed hydra
 13119 | D:11     | Killed a nine-headed hydra
 13170 | D:11     | Got a fine broad axe
 13312 | D:12     | Found a runed translucent gate.
 13312 | D:12     | Found a runed translucent gate.
 13312 | D:12     | Found a runed translucent gate.
 13312 | D:12     | Noticed Odaro's ghost (journeyman FoFi)
 13312 | D:12     | Noticed a nine-headed hydra
 13406 | D:12     | Noticed a two-headed ogre
 13406 | D:12     | Noticed a frost giant
 13682 | D:12     | Noticed Psyche
 13695 | D:12     | Killed Psyche
 14121 | D:12     | Noticed a two-headed ogre
 14131 | D:12     | Killed a two-headed ogre
 14275 | D:12     | Killed from afar by a frost giant

Illustrated notes

Levels and vault maps discovered:
D:1:      evilmike_arrival_grusome_pit, layout_loops_ring,
          minmay_three_crescents
D:2:      layout_loops_corners, uniq_terence, uniq_sigmund, uniq_natasha
D:3:      layout_rooms, nicolae_overflow_hidden_temple, fedhas_altar_4
D:4:      layout_cave_pools, minmay_temple_entry_offerings, first_ration,
          uniq_eustachio, uniq_menkaure, uniq_duvessa
D:5:      layout_rooms, kennysheep_okawaru_gauntlet, old_standard_altar,
          serial_shops, nicolae_shop_competitors_out_of_business,
          kennysheep_mini, shop_coins
D:6:      layout_loops_ring, lemuel_doored_altar, nrook_loot_triangle
D:7:      gammafunk_corrupted_shrine, layout_basic
D:8:      layout_gridville
D:9:      layout_layer_cave, grunt_temple_overflow_opulence,
          cheibrodos_ashenzari_chains, minitemple, erik_lair_orcish_takeover,
          orc_david_3, uniq_harold
D:10:     layout_roguey, minmay_fractal_squares_gapless_7
D:11:     layout_basic, gauntlet_entry_generic, gammafunk_ghost_hydra_chop,
          uniq_maurice
D:12:     layout_basic, gammafunk_ghost_hydra_chop, grunt_ogre_cave,
          minivault_25_ag, uniq_psyche
Temple:   dpeg_three_leaves_temple

Skill      XL: |  1  2  3  4  5  6  7  8  9 10 11 12 |
---------------+-------------------------------------+-----
Dodging        | 2 3 4 5 6 9 |  9.9
Stealth        | 2 |  2.0
Spellcasting   | 3 4 6 8 10 | 10.0
Ice Magic      | 5 6 8 10 | 10.0
Fighting       | 4 6 10 | 10.0
Evocations     | 2 6 8 |  8.0
Shields        | 4 6 |  6.0

Action                   |  1- 3 |  4- 6 |  7- 9 | 10-12 || total
-------------------------+-------+-------+-------+-------++-------
Melee: Unarmed           |    48 |       |       |       ||    48
       Tailslap          |     4 |     5 |     9 |    24 ||    42
       Hand axe          |    15 |     7 |   143 |   221 ||   386
       Dagger            |       |    18 |    12 |       ||    30
       Mace              |       |       |     5 |       ||     5
Throw: Dart              |    14 |    14 |    27 |    34 ||    89
       Javelin           |       |       |    11 |    21 ||    32
 Cast: Freeze            |    49 |    18 |     5 |     5 ||    77
       Frozen Ramparts   |     1 |     9 |    31 |    60 ||   101
       Ozocubu's Armour  |       |     1 |     9 |    13 ||    23
       Summon Ice Beast  |       |       |     7 |    23 ||    30
       Hailstorm         |       |       |     4 |     5 ||     9
       Animate Skeleton  |       |       |     1 |    24 ||    25
 Abil: Breathe Dispellin |       |       |     1 |     3 ||     4
       Evoke Invisibilit |       |       |       |     1 ||     1
Evoke: Wand              |       |     1 |     4 |    19 ||    24
       Lightning rod     |       |       |       |     3 ||     3
  Use: Scroll            |     4 |     2 |     3 |    14 ||    23
       Potion            |       |       |       |     4 ||     4
 Stab: Sleeping          |     1 |       |     1 |     3 ||     5
       Distracted        |       |       |       |     1 ||     1
  Eat: Chunk             |     3 |     2 |    19 |    13 ||    37
       Ration            |       |     1 |     1 |     4 ||     6
Armor: Skin              |    53 |    16 |    76 |    82 ||   227
Dodge: Dodged            |    83 |    23 |   128 |   171 ||   405
Block: Buckler           |       |       |       |    63 ||    63
